 Dungeon Crawl Stone Soup version 0.30.1-4-g462c640d31 (webtiles) character file.

Game seed: 7671047735758152466

1619 ChiefBigBeans the Ducker (level 8, 0/45 HPs)
             Began as a Tengu Hunter on Sept 5, 2023.
             Was a Follower of Hepliaklqana.
             Succumbed to a killer bee's poison
             ... on level 7 of the Dungeon.
             The game lasted 00:16:50 (4801 turns).

ChiefBigBeans the Ducker (Tengu Hunter)             Turns: 4801, Time: 00:16:51

Health: 0/45       AC: 11    Str: 17 (18) XL:     8   Next: 96%
Magic:  9/9        EV: 15    Int: 12 (15) God:    Hepliaklqana [*.....]
Gold:   328        SH:  0    Dex: 17 (20) Spells: 7/7 levels left

rFire   . . .        a - +0 shortbow (flame)
rCold   . . .        (shield currently unavailable)
rNeg    . . .        g - +0 scale mail
rPois   .            (helmet restricted)
rElec   .            x - +0 cloak
rCorr   .            k - +1 pair of gloves
SInv    .            (boots unavailable)
Will    .....        t - amulet of regeneration
Stlth   ++           h - +6 ring of intelligence
HPRegen 1.07/turn    z - +6 ring of strength
MPRegen 0.11/turn

%: no passive effects
@: lethally poisoned (0 -> -6), flying quickly and evasively, quick
A: reduced essence, beak, talons 3, nimble flight
a: Renounce Religion, Recall Ancestor, Ancestor Identity


You were on level 7 of the Dungeon.
You worshipped Hepliaklqana.
Hepliaklqana was aware of your devotion.
You visited 2 branches of the dungeon, and saw 8 of its levels.
You also visited: Ossuary.

You collected 328 gold pieces.

Inventory:

Hand Weapons
 a - a +0 shortbow of flaming (weapon)
 b - a +2 dagger of draining
 u - a +2 dagger of freezing
Armour
 g - a +0 scale mail (worn)
 k - a +1 pair of gloves (worn)
 x - a +0 cloak (worn)
Jewellery
 h - a +6 ring of intelligence (left hand)
 t - an amulet of regeneration (around neck)
 z - a +6 ring of strength (right hand)
 E - an amulet of magic regeneration
Wands
 c - a wand of flame (27)
 m - a wand of light (2)
Scrolls
 e - a scroll of enchant weapon {unknown}
 f - a scroll of fog
 i - 3 scrolls of teleportation
 l - 3 scrolls of fear
 n - a scroll of identify
 o - 2 scrolls of magic mapping
 s - a scroll of amnesia {unknown}
 w - a scroll of silence
Potions
 p - a potion of magic
 r - a potion of invisibility
 v - a potion of berserk rage
 B - a potion of flight


   Skills:
 + Level 5.8 Fighting
 - Level 4.8 Ranged Weapons
 + Level 5.7 Armour
 + Level 6.0 Dodging
 + Level 5.9 Stealth


You had 7 spell levels left.
You didn't know any spells.
Your spell library contained the following spells:

 Spells                   Type           Power      Damage    Failure   Level
 Beastly Appendage        Tmut           0%         N/A       71%         1
 Sublimation of Blood     Necr           0%         N/A       83%         2
 Wereblood                Tmut           0%         N/A       83%         2
 Frozen Ramparts          Ice            0%         1d1       97%         3
 Spider Form              Tmut/Pois      0%         N/A       97%         3
 Ice Form                 Ice/Tmut       0%         N/A       100%        4
 Petrify                  Tmut/Erth      0%         N/A       100%        4
 Summon Ice Beast         Ice/Summ       0%         N/A       100%        4
 Irradiate                Conj/Tmut      0%         3d11      100%        5


Dungeon Overview and Level Annotations

Branches:
Dungeon (7/15)             Temple (1/1) D:4         Ossuary (visited)

Altars:
Ashenzari
Cheibriados
Dithmenos
Elyvilon
Fedhas
Gozag
Hepliaklqana
Kikubaaqudgha
Makhleb
Nemelex Xobeh
Okawaru
Qazlal
Ru
Sif Muna
Trog
Uskayaw
Vehumet
Wu Jian
Xom
Yredelemnul
Zin

Shops:
D:4 ?   D:5 :


Innate Abilities, Weirdness & Mutations

Your life essence is reduced to manifest your ancestor. (-10% HP)
You have a beak for a mouth.
You have claws for feet.
Your magical nature lets you fly swiftly and evasively.


Message History

You feel very sick. The killer bee completely misses you.
The killer bee closely misses you.
You feel very sick.
The killer bee barely misses you. x2; The killer bee stings you.
You feel sick.
The killer bee attacks as you move away!
The killer bee barely misses you.
You feel sick.
The killer bee stings you but does no damage.
You feel sick.
You feel sick.
The killer bee stings you but does no damage.
The killer bee stings you.
* * * LOW HITPOINT WARNING * * *
You are more poisoned.
The killer bee poisons you! The killer bee stings you.
* * * LOW HITPOINT WARNING * * *
You feel much better.
You feel very sick. The killer bee closely misses you.
The killer bee stings you. x2
The killer bee stings you!
* * * LOW HITPOINT WARNING * * *
You are lethally poisoned!
The killer bee poisons you! The killer bee closely misses you.
The killer bee buzzes angrily.
Okay, then.
It was a potion of degeneration.
There was something very wrong with that liquid.
You feel weakened.
You feel dopey.
You feel clumsy.
* * * LOW HITPOINT WARNING * * *
You feel very sick. The killer bee closely misses you.
The killer bee barely misses you. x2
The killer bee closely misses you. The killer bee barely misses you.
The killer bee stings you but does no damage.
The killer bee barely misses you.
Unknown command.
Do you really want to go berserk while wielding your +0 shortbow of flaming?
Okay, then.
This is a scroll of acquirement!
Something appears before you!
You die...

#........# #........##
##.........######
##...#...........#$
##...##.............
#..###.)#.##.......## ..
#.....##.##........# ..
.....###.yyy.......#.####.#
.........y@##......#.#....#
...........................
....#####.##......#.......
... #.##......##.....# ..
#.##########<....# . #.#
#......... #.. #.########
##. .. # ##


You could see 4 killer bees.

Vanquished Creatures
  A sky beast (D:6)
  2 centaurs (D:5)
  A gnoll sergeant (D:6)
  3 scorpions
  5 water moccasin zombies (Ossuary)
  A jelly (D:6)
  An orc priest (D:5)
  A gnoll bouda (D:5)
  A sleepcap (D:5)
  5 iguanas
  5 orc wizards
  2 mummies (Ossuary)
  10 gnolls
  11 adders
  An ufetubus (D:4)
  4 adder zombies (Ossuary)
  5 dart slugs
  18 orcs
  8 ball pythons
  2 bats
  12 endoplasms
  A giant cockroach (D:1)
  7 hobgoblins
  2 jackals (D:2)
  3 quokkas
  4 frilled lizards
  3 gnoll zombies (Ossuary)
  10 goblins
  7 hobgoblin zombies (Ossuary)
  5 kobolds
  4 kobold zombies (Ossuary)
  3 orc zombies (Ossuary)
  6 rats
154 creatures vanquished.

Vanquished Creatures (collateral kills)
  A black bear (D:6)
  3 orcs (D:6)
4 creatures vanquished.

Grand Total: 158 creatures vanquished

Notes
Turn   | Place    | Note
-------+----------+-------------------------------------------
     0 | D:1      | ChiefBigBeans the Tengu Hunter began the quest for the Orb.
     0 | D:1      | Reached XP level 1. HP: 12/12 MP: 2/2
    97 | D:1      | Reached XP level 2. HP: 17/17 MP: 3/3
   490 | D:1      | Reached XP level 3. HP: 22/22 MP: 4/4
   502 | D:1      | Reached skill level 1 in Armour
   998 | D:2      | Found a faded altar of an unknown god.
  1107 | D:2      | Reached XP level 4. HP: 27/27 MP: 5/5
  1908 | D:4      | Noticed a scorpion
  1920 | D:4      | Killed a scorpion
  1921 | D:4      | Reached skill level 3 in Dodging
  1921 | D:4      | Gained mutation: Your magical nature lets you fly swiftly
                  | and evasively. [Tengu growth]
  1921 | D:4      | Reached XP level 5. HP: 16/32 MP: 6/6
  2075 | D:4      | Found Vemn's Magic Scroll Boutique.
  2269 | D:4      | Reached XP level 6. HP: 37/37 MP: 7/7
  2555 | D:4      | Found a staircase to the Ecumenical Temple.
  2560 | Temple   | Entered the Ecumenical Temple
  2753 | Temple   | Became a worshipper of Hepliaklqana the Forgotten
  3187 | D:5      | Entered Level 5 of the Dungeon
  3324 | D:5      | Reached skill level 4 in Dodging
  3324 | D:5      | Reached XP level 7. HP: 32/43 MP: 8/8
  3416 | D:5      | Found Vedwetro's Book Shoppe.
  3500 | D:5      | Found a sand-covered staircase.
  3518 | Ossuary  | Entered an ossuary
  3657 | Ossuary  | Reached XP level 8. HP: 45/48 MP: 9/9
  4044 | D:5      | Reached skill level 5 in Dodging
  4096 | D:5      | Reached skill level 5 in Stealth
  4110 | D:5      | Reached skill level 5 in Fighting
  4220 | D:6      | Reached skill level 5 in Armour
  4332 | D:6      | Reached * piety under Hepliaklqana
  4497 | D:7      | Reached skill level 6 in Dodging
  4800 | D:7      | HP: 2/45 [poisoned by a killer bee]
  4801 | D:7      | Identified a scroll of acquirement
  4801 | D:7      | Acquired the amulet "Luraeruz" {Spirit rElec rN+}
  4801 | D:7      | Succumbed to a killer bee's poison

Illustrated notes

Levels and vault maps discovered:
D:1:      minmay_arrival_diagonal_passages, layout_basic
D:2:      layout_basic, ebering_ecumenical_altar_rust
D:3:      layout_basic
D:4:      layout_loops_ring, temple_statues, serial_shops, shop,
          grunt_decor_arrowhead, minmay_crossroads
D:5:      layout_rooms, serial_shops, nicolae_diamond_shop,
          nicolae_ossuary_entry_monument, serial_bayou_pond_d,
          kennysheep_generic_room_3
D:6:      layout_rooms, kennysheep_donut, lightli_orcish_oven
D:7:      lemuel_slime, layout_rooms, hangedman_abyss_or_decor_lesser_grid,
          uniq_crazy_yiuf_cottage
Temple:   minmay_crystal_snake_temple

Skill      XL: |  1  2  3  4  5  6  7  8 |
---------------+-------------------------+-----
Armour         | 1 2 3 4 5 |  5.7
Stealth        | 2 3 4 5 |  5.9
Fighting       | 3 4 5 |  5.8
Dodging        | 3 4 6 |  6.0
Ranged Weapons | |  4.8

Action                     |  1- 3 |  4- 6 |  7- 9 || total
---------------------------+-------+-------+-------++-------
  Melee: Dagger            |       |       |    23 ||    23
         Kick              |       |       |     6 ||     6
         Peck              |       |       |     5 ||     5
   Fire: Shortbow          |    85 |   189 |   225 ||   499
 Invoke: Ancestor Identity |       |       |     1 ||     1
    Use: Scroll            |       |     6 |     6 ||    12
         Potion            |       |       |    15 ||    15
 Armour: Leather armour    |     3 |       |       ||     3
         Scale mail        |     5 |    40 |   111 ||   156
  Dodge: Dodged            |    19 |    77 |   239 ||   335
